 Dungeon Crawl Stone Soup version 0.20.1-1-g8b1a95d (webtiles) character file.

6253 Stendarr the Destroyer (level 10, -2/56 HPs)
             Began as a Tengu Air Elementalist on Nov 12, 2017.
             Was an Elder of Okawaru.
             Slain by a hippogriff (3 damage)
             ... on level 8 of the Dungeon on Dec 8, 2017.
             The game lasted 01:31:58 (9275 turns).

Stendarr the Destroyer (Tengu Air Elementalist)     Turns: 9275, Time: 01:31:59

Health: -2/56      AC:  3    Str: 11    XL:     10   Next: 93%
Magic:  21/21      EV:  2    Int: 20    God:    Okawaru [****..]
Gold:   499        SH:  0    Dex: 15    Spells: 4/23 levels left

rFire    . . .     SeeInvis .   a - +4 quarterstaff (chaos)
rCold    . . .     Gourm    .   (shield currently unavailable)
rNeg     + + +     Faith    .   n - +0 robe
rPois    ∞         Spirit   .   (helmet restricted)
rElec    .         Reflect  .   l - +0 cloak
rCorr    .         Harm     .   (no gloves)
MR       .....                  (boots unavailable)
Stlth    ++........             q - amulet of regeneration
Regen    0.6/turn               k - +4 ring of intelligence
MPRegen  0.2/turn               K - ring of positive energy

@: petrified, drained
A: beak, talons 3, able to fly 1
a: Fly, Heroism, Renounce Religion


You were on level 8 of the Dungeon.
You worshipped Okawaru.
Okawaru was greatly pleased with you.
You were not hungry.

You visited 3 branches of the dungeon, and saw 12 of its levels.
You also visited: Ossuary.

You collected 499 gold pieces.

Inventory:

Hand Weapons
 a - a +4 quarterstaff of chaos (weapon)
 y - a +1 dagger of venom
 O - a +0 whip of electrocution
Armour
 l - a +0 cloak (worn)
 n - a +0 robe (worn)
 p - a +0 buckler
 I - a +0 buckler
Magical Staves
 s - an uncursed staff of power
Jewellery
 k - a +4 ring of intelligence (left hand)
 q - an amulet of regeneration (around neck)
 w - a +4 ring of intelligence
 z - a +5 ring of strength
 K - a ring of positive energy (right hand)
 N - an uncursed amulet of harm
 R - a +3 ring of strength
Wands
 r - a wand of paralysis (5/24)
Scrolls
 d - 2 scrolls of fear
 e - 3 scrolls of fog
 f - 5 scrolls of identify
 i - 3 scrolls of teleportation
 m - a scroll of magic mapping
 u - 2 scrolls of enchant weapon {unknown}
 v - a scroll of recharging
 A - 3 scrolls of enchant armour {unknown}
 B - 2 scrolls of remove curse
 C - a scroll of blinking
 E - 2 scrolls of amnesia {unknown}
Potions
 h - 3 potions of heal wounds
 t - 2 potions of haste {unknown}
 x - a potion of might
 D - 2 potions of brilliance
 F - 2 potions of curing
 G - a potion of mutation {unknown}
 H - a potion of resistance
 L - 2 potions of ambrosia {unknown}
 M - a potion of degeneration {unknown}
 P - 4 potions of agility
 Q - a potion of berserk rage {unknown}
Books
 b - a book of Air

   Spells                             Type                      Level
   a - Shock                          Conjuration/Air              1
   b - Swiftness                      Charms/Air                   2
   c - Static Discharge               Conjuration/Air              3
   d - Airstrike                      Air                          4
   e - Lightning Bolt                 Conjuration/Air              5
 o - a book of Changes

   Spells                             Type                      Level
   a - Beastly Appendage              Transmutation                1
   b - Sticks to Snakes               Transmutation                2
   c - Spider Form                    Transmutation/Poison         3
   d - Ice Form                       Ice/Transmutation            4
   e - Blade Hands                    Transmutation                5
 J - a book of Callings

   Spells                             Type                      Level
   a - Summon Small Mammal            Summoning                    1
   b - Call Imp                       Summoning                    2
   c - Call Canine Familiar           Summoning                    3
   d - Summon Guardian Golem          Hexes/Summoning              3
   e - Summon Lightning Spire         Summoning/Air                4
   f - Summon Ice Beast               Ice/Summoning                4
Comestibles
 c - 5 bread rations
 g - 4 meat rations
 j - 6 royal jellies


   Skills:
 + Level 3.7(3.3) Fighting
 + Level 5.3(4.8) Dodging
 - Level 2.0(1.5) Stealth
 + Level 3.9(3.4) Shields
 - Level 7.0(6.5) Spellcasting
 - Level 12.0(11.5) Conjurations
 - Level 4.2(3.7) Summonings
 - Level 10.1(9.6) Air Magic


You had 4 spell levels left.
You knew the following spells:

 Your Spells              Type           Power        Failure   Level  Hunger
a - Shock                 Conj/Air       ####         1%          1    None
b - Static Discharge      Conj/Air       #####...     1%          3    #......
c - Swiftness             Chrm/Air       ####....     1%          2    None
d - Airstrike             Air            #####.....   1%          4    ###....
e - Lightning Bolt        Conj/Air       #####.....   3%          5    #####..
f - Summon Lightning Spi  Summ/Air       ####....     6%          4    ###....


Dungeon Overview and Level Annotations

Branches:
Dungeon (10/15)            Temple (1/1) D:6            Lair (1/6) D:8
    Orc (0/2) D:9

Altars:
Cheibriados
Dithmenos
Elyvilon
Fedhas
Gozag
Kikubaaqudgha
Nemelex Xobeh
Okawaru
Sif Muna
Trog
Uskayaw
Xom
Zin


Innate Abilities, Weirdness & Mutations

You have a beak for a mouth.
You have claws for feet.
You can fly.


Message History

The hippogriff claws you. The bullfrog hits you!
The bullfrog hits you but does no damage.
The hippogriff bites you. The hippogriff pecks you.
* * * LOW HITPOINT WARNING * * *
The hippogriff claws you.
* * * LOW HITPOINT WARNING * * *
The bullfrog hits you!
* * * LOW HITPOINT WARNING * * *
The hippogriff bites you.
* * * LOW HITPOINT WARNING * * *
The hippogriff pecks you.
* * * LOW HITPOINT WARNING * * *
The hippogriff claws you!
* * * LOW HITPOINT WARNING * * *
The bullfrog hits you but does no damage.
The bullfrog hits you.
* * * LOW HITPOINT WARNING * * *
The hippogriff bites you!
You die...

# #######.#..# #..# #.# #
#.#..############..# #.# #
#.#................###.#
########
#.##.#############.....#
.......###.##.)(.((.#
#.#####
######.#...((.#####(# #..#
#(#.###..# #.# #[.# #...#
#..#####.#######..##
###.###.###@##>.......)..#
#.....# #FHSF.######[..#
###.### ####..# #...# #
#.########..######...### #
#....................##.
##
###.####.#...######.....
.## #.# #............####
#.## #.# #.###.########
##.#########.# #.....#


You could see a hippogriff, a water moccasin and 2 bullfrogs.

Vanquished Creatures
  2 two-headed ogres
  The ghost of Ymberto the Carver, a novice MiFi (D:7)
  Pikel (D:7)
  A troll (D:9)
  The ghost of Doomgape the Carver, an amateur MiCK of Xom (D:4)
  Sigmund (D:6)
  A hungry ghost (D:6)
  Duvessa (D:4)
  4 sky beasts
  An orc warrior (D:8)
  2 phantoms
  3 slaves (D:7)
  An eye of draining (D:9)
  An ice beast (D:8)
  3 ogres
  2 centaurs
  A big kobold (D:8)
  An elf zombie (Ossuary)
  3 bullfrogs
  A water moccasin zombie (D:7)
  Dowan (D:4)
  4 scorpions
  2 crimson imps
  A quasit (D:5)
  2 bullfrog zombies
  5 hounds
  2 centaur zombies (D:8)
  2 orc priests
  A bullfrog skeleton (D:5)
  2 jellies
  A human zombie (Ossuary)
  Crazy Yiuf (D:7)
  A centaur skeleton (D:5)
  2 iguanas
  7 orc wizards
  10 worker ants
  A big kobold zombie (Ossuary)
  2 mummies (Ossuary)
  5 adders
  An ooze (D:2)
  An adder zombie (Ossuary)
  An adder skeleton (D:4)
  3 worms
  3 dart slugs
  7 leopard geckos
  18 orcs
  3 bats
  4 giant cockroaches
  3 goblins
  7 hobgoblins
  6 jackals (D:2)
  11 kobolds
  4 quokkas
  4 frilled lizards
  A goblin zombie (Ossuary)
  13 hobgoblin zombies (Ossuary)
  3 jackal zombies (Ossuary)
  8 kobold zombies (Ossuary)
  A leopard gecko skeleton (D:9)
  6 orc zombies (Ossuary)
  3 quokka zombies
  3 rats
  3 rat zombies
  A fungus (D:7)
202 creatures vanquished.

Vanquished Creatures (others)
  An adder (D:7)
  A plant (D:6)
2 creatures vanquished.

Grand Total: 204 creatures vanquished

Notes
Turn   | Place    | Note
-------+----------+-------------------------------------------
     0 | D:1      | Stendarr the Tengu Air Elementalist began the quest for the Orb.
     0 | D:1      | Reached XP level 1. HP: 10/10 MP: 4/4
   465 | D:1      | Reached skill level 2 in Conjurations
   524 | D:1      | Reached XP level 2. HP: 15/15 MP: 3/6
  1095 | D:2      | Reached XP level 3. HP: 19/19 MP: 3/7
  1333 | D:2      | Reached skill level 3 in Conjurations
  1808 | D:3      | Reached XP level 4. HP: 14/24 MP: 1/8
  2129 | D:3      | Reached skill level 4 in Conjurations
  2132 | D:3      | Reached skill level 5 in Air Magic
  2132 | D:3      | Gained mutation: You can fly. [Tengu growth]
  2132 | D:3      | Reached XP level 5. HP: 12/28 MP: 1/10
  2610 | D:3      | Reached skill level 5 in Conjurations
  2853 | D:4      | Reached XP level 6. HP: 32/32 MP: 7/12
  3159 | D:4      | Noticed a phantom
  3177 | D:4      | Learned a level 3 spell: Static Discharge
  3180 | D:4      | Learned a level 2 spell: Swiftness
  3185 | D:4      | Learned a level 4 spell: Airstrike
  3190 | D:4      | Noticed Duvessa
  3235 | D:4      | Killed Duvessa
  3235 | D:4      | Reached skill level 6 in Conjurations
  3300 | D:4      | Noticed Doomgape's ghost (amateur MiCK)
  3348 | D:4      | Noticed Dowan
  3353 | D:4      | Killed Dowan
  3353 | D:4      | Reached XP level 7. HP: 33/36 MP: 9/13
  3428 | D:4      | Reached skill level 7 in Conjurations
  3750 | D:4      | Killed Doomgape's ghost
  3750 | D:4      | Reached skill level 8 in Conjurations
  3750 | D:4      | Reached XP level 8. HP: 41/41 MP: 0/15
  3982 | D:5      | Entered Level 5 of the Dungeon
  4030 | D:5      | Learned a level 5 spell: Lightning Bolt
  4273 | D:5      | Reached skill level 9 in Conjurations
  4291 | D:5      | Reached skill level 5 in Spellcasting
  4685 | D:6      | Noticed Sigmund
  4759 | D:6      | Reached skill level 10 in Conjurations
  5003 | D:6      | Killed Sigmund
  5003 | D:6      | Reached XP level 9. HP: 45/45 MP: 3/18
  5162 | D:6      | Found a staircase to the Ecumenical Temple.
  5171 | Temple   | Entered the Ecumenical Temple
  5178 | Temple   | Became a worshipper of Warmaster Okawaru
  5302 | D:6      | Noticed a two-headed ogre
  5317 | D:6      | Killed a two-headed ogre
  5317 | D:6      | Reached * piety under Okawaru
  5317 | D:6      | Reached skill level 11 in Conjurations
  5558 | D:7      | Learned a level 4 spell: Summon Lightning Spire
  5622 | D:7      | Found a sand-covered staircase.
  5644 | Ossuary  | Entered an ossuary
  5769 | Ossuary  | Reached skill level 1 in Summonings
  6274 | D:7      | Noticed Ymberto's ghost (novice MiFi)
  6338 | D:7      | Killed Ymberto's ghost
  6338 | D:7      | Reached ** piety under Okawaru
  6338 | D:7      | Reached XP level 10. HP: 50/50 MP: 3/21
  6535 | D:7      | Noticed Pikel
  6549 | D:7      | Killed Pikel
  6549 | D:7      | Reached *** piety under Okawaru
  6549 | D:7      | Reached skill level 12 in Conjurations
  6549 | D:7      | Reached skill level 10 in Air Magic
  6735 | D:7      | Found a runed door.
  6739 | D:7      | Noticed Crazy Yiuf
  6740 | D:7      | Killed Crazy Yiuf
  6902 | D:8      | Noticed a two-headed ogre
  6909 | D:8      | Killed a two-headed ogre
  6909 | D:8      | Reached **** piety under Okawaru
  7223 | D:8      | Found a staircase to the Lair.
  8365 | D:9      | Found a staircase to the Orcish Mines.
  8432 | D:9      | Reached skill level 5 in Dodging
  9082 | D:10     | Entered Level 10 of the Dungeon
  9170 | D:10     | Noticed a gargoyle
  9175 | D:10     | Noticed a tengu warrior
  9175 | D:10     | Noticed a two-headed ogre
  9268 | Lair:1   | Entered Level 1 of the Lair of Beasts
  9268 | Lair:1   | Noticed a black mamba
  9268 | Lair:1   | Noticed a spiny frog
  9274 | D:8      | HP: 2/56 [hippogriff (4)]
  9275 | D:8      | Slain by a hippogriff

Skill      XL: |  1  2  3  4  5  6  7  8  9 10 |
---------------+-------------------------------+-----
Conjurations   | 2 3 4 5 6 8 10 11 12 | 12.0
Spellcasting   | 3 4 5 6 7 |  7.0
Air Magic      | 5 6 8 9 10 | 10.1
Summonings     | 3 4 |  4.2
Fighting       | 3 |  3.7
Dodging        | 5 |  5.3
Shields        | 3 |  3.9
Stealth        | |  2.0

Action                   |  1- 3 |  4- 6 |  7- 9 | 10-12 || total
-------------------------+-------+-------+-------+-------++-------
Melee: Unarmed           |     3 |       |       |       ||     3
       Peck              |     2 |     3 |    13 |     9 ||    27
       Kick              |     1 |     7 |    21 |    14 ||    43
       Spear             |     4 |     8 |       |       ||    12
       Short sword       |       |    21 |       |       ||    21
       Dagger            |       |       |    58 |     4 ||    62
       Quarterstaff      |       |       |       |    29 ||    29
       Whip              |       |       |       |     7 ||     7
 Cast: Shock             |    65 |    74 |   141 |    95 ||   375
       Airstrike         |       |       |    17 |    10 ||    27
       Static Discharge  |       |       |     5 |     7 ||    12
       Lightning Bolt    |       |       |     5 |     9 ||    14
       Swiftness         |       |       |       |     1 ||     1
Invok: Heroism           |       |       |       |     1 ||     1
 Abil: Fly               |       |       |     3 |     2 ||     5
  Use: Potion            |       |       |     6 |       ||     6
       Scroll            |       |       |     2 |     8 ||    10
 Stab: Sleeping          |       |       |     1 |     2 ||     3
       Invisible         |       |       |     1 |       ||     1
  Eat: Chunk             |     3 |     5 |    10 |    11 ||    29
       Fruit             |       |       |     5 |       ||     5
       Meat ration       |       |       |       |     1 ||     1
Armor: Robe              |     2 |     5 |     9 |     5 ||    21
       Skin              |       |       |     2 |       ||     2
Dodge: Dodged            |    15 |    25 |    48 |    42 ||   130
Block: Buckler           |       |     3 |    15 |     1 ||    19
